 Dungeon Crawl Stone Soup version 0.22-a0-377-g846bec1 (webtiles) character file.

109 aspa the Chopper (level 4, -5/66 HPs)
             Began as a Troll Berserker on Apr 27, 2018.
             Was a Believer of Trog.
             Slain by a gnoll
             ... wielding a +0 flail
              (6 damage)
             ... on level 2 of the Dungeon.
             The game lasted 00:04:23 (1242 turns).

aspa the Chopper (Troll Berserker)                  Turns: 1242, Time: 00:04:24

Health: -5/66      AC:  5    Str: 31    XL:     4   Next: 59%
Magic:  3/3        EV: 10    Int:  3    God:    Trog [**....]
Gold:   197        SH:  0    Dex:  9    Spells: 3/3 levels left

rFire    . . .     SeeInvis .   p - +0 war axe
rCold    . . .     Gourm    +   (no shield)
rNeg     . . .     Faith    .   b - +0 animal skin
rPois    .         Spirit   .   (helmet restricted)
rElec    .         Reflect  .   (no cloak)
rCorr    .         Harm     .   (gloves unavailable)
MR       .....                  (boots unavailable)
Stlth    ..........             f - amulet of inaccuracy (curse)
HPRegen  0.61/turn              (no ring)
MPRegen  0.08/turn              (no ring)

@: berserking, very quick
A: large, unfitting armour, claws 3, fast metabolism 3, gourmand, regeneration
1, shaggy fur 1, tough skin 2
a: Berserk, Trog's Hand, Renounce Religion


You were on level 2 of the Dungeon.
You worshipped Trog.
Trog was pleased with you.
You were very full.

You visited 1 branch of the dungeon, and saw 2 of its levels.

You collected 197 gold pieces.

Inventory:

Hand Weapons
 p - a +0 war axe (weapon)
Armour
 b - a +0 animal skin (worn)
Jewellery
 f - a cursed amulet of inaccuracy (around neck)
 n - a +4 amulet of reflection {unknown}
 q - an uncursed amulet of guardian spirit {unknown}
Scrolls
 d - 2 scrolls of identify {unknown}
 h - 2 scrolls of teleportation {unknown}
 k - a scroll of remove curse {unknown}
 m - a scroll of blinking {unknown}
 o - 2 scrolls of amnesia {unknown}
Potions
 a - a potion of curing {unknown}
 e - a potion of berserk rage {unknown}
 g - 2 potions of degeneration {unknown}
 j - a potion of ambrosia {unknown}
 l - 2 potions of might {unknown}
Comestibles
 c - 5 rations


   Skills:
 + Level 2.9 Fighting
 + Level 3.4 Axes
 + Level 3.3 Dodging


You had 3 spell levels left.
You didn't know any spells.

Dungeon Overview and Level Annotations

Branches:
Dungeon (2/15)

Altars:
Cheibriados
The Shining One


Innate Abilities, Weirdness & Mutations

You are too large for most types of armour.
You have claws for hands.
Your metabolism is lightning-fast.
You like to eat raw meat.
Your natural rate of healing is unusually fast.
You are covered in fur. (AC +1)
You have very tough skin. (AC +2)


Message History

The gnoll barely misses you.
A red film seems to cover your vision as you go berserk!
You feel yourself moving faster!
You feel mighty! The gnoll hits you with a whip!
* * * LOW HITPOINT WARNING * * *
You slash the gnoll!
The gnoll is severely wounded.
You miss the gnoll. The gnoll misses you.
Unknown command.
You are too injured to fight recklessly!
You closely miss the gnoll.
The gnoll is severely wounded.
You slash the gnoll! The gnoll hits you with a whip.
* * * LOW HITPOINT WARNING * * *
You closely miss the gnoll.
The gnoll is severely wounded.
You closely miss the gnoll. The gnoll hits you with a whip.
* * * LOW HITPOINT WARNING * * *
The gnoll hits you with a flail.
You die...

.....# #..........#
.....# #>.........#
.....# ###..........#
.>...#####............#
#..........#..........#
......................#
#...########..........#
..#..# ####...#####
####(# ##..g@.# #.#
#..##g### #.#
#.###...## #.##
###........## ####..#
##...........#
....#.###..#>........#
###...(((.#..#).)....#
.........(..###.....##
....................#


You could see 2 gnolls.

Vanquished Creatures
  An orc priest (D:2)
  2 gnolls (D:2)
  An ooze (D:1)
  A dart slug (D:1)
  2 orcs (D:2)
  A ball python (D:1)
  2 giant cockroaches (D:1)
  6 goblins
  5 hobgoblins
  3 jackals (D:1)
  7 kobolds
  A quokka (D:2)
  11 bats
  A frilled lizard (D:2)
  A quokka skeleton (D:2)
  7 rats
  3 fungi (D:1)
55 creatures vanquished.

Notes
Turn   | Place    | Note
-------+----------+-------------------------------------------
     0 | D:1      | aspa the Troll Berserker began the quest for the Orb.
     0 | D:1      | Reached XP level 1. HP: 22/22 MP: 0/0
    85 | D:1      | Reached XP level 2. HP: 29/29 MP: 1/1
   405 | D:1      | Found a glowing golden altar of the Shining One.
   468 | D:1      | Reached ** piety under Trog
   556 | D:1      | Reached XP level 3. HP: 29/36 MP: 2/2
   899 | D:2      | Found a snail-covered altar of Cheibriados.
   966 | D:2      | Reached XP level 4. HP: 5/44 MP: 3/3
  1242 | D:2      | HP: 1/66 [gnoll/whip (5)]
  1242 | D:2      | Slain by a gnoll

Vault maps used:
D:1:      ncdulo_watergridlock, hangedman_decor_slide_cut,
          minmay_gold_behind_fungi, corexii_hall_statues_deadend, tso_metal_star
D:2:      lemuel_crystal_altar

Skill      XL: |  1  2  3 |
---------------+----------+-----
Axes           | 3 |  3.4
Dodging        | 3 |  3.3
Fighting       | |  2.9

Action                   |  1- 3 |  4- 6 || total
-------------------------+-------+-------++-------
Melee: Hand axe          |   192 |       ||   192
       War axe           |       |    43 ||    43
Invok: Berserk           |     1 |     1 ||     2
  Eat: Chunk             |    15 |     4 ||    19
Armor: Animal skin       |   109 |    30 ||   139
Dodge: Dodged            |   168 |    43 ||   211

Table legend:
 A = Spawn XP
 B = Non-spawn XP
 C = Spawn XP percentage of total XP
 D = Spawn monster count
 E = Non-spawn monster count
 F = Spawn count percentage of total count
 G = Total turns spent on level
                    A         B        C        D         E        F      G
               +---------+---------+-------+---------+---------+-------+---------
         Total |       0 |     156 |   0.0 |       0 |      51 |   0.0 |  1242
               +---------+---------+-------+---------+---------+-------+---------
           D:1 |       0 |      65 |   0.0 |       0 |      35 |   0.0 |   894
           D:2 |       0 |      91 |   0.0 |       0 |      16 |   0.0 |   348
               +---------+---------+-------+---------+---------+-------+---------
